 Dungeon Crawl Stone Soup version 0.24.0-2-g5b39cebb1c (webtiles) character file.

Game seed: 3358065193788412967, levelgen mode: deterministic

315 zhorgal the Insei (level 6, -1/32 HPs)
             Began as a Vine Stalker Monk on Oct 31, 2019.
             Slain by Blork the porcupine (7 damage)
             ... on level 3 of the Dungeon.
             The game lasted 00:09:08 (3219 turns).

zhorgal the Insei (Vine Stalker Monk)               Turns: 3219, Time: 00:09:09

Health: -1/32      AC:  8    Str: 16    XL:     6   Next: 43%
Magic:  0/7        EV: 11    Int: 10    God:
Gold:   226        SH:  0    Dex: 16    Spells: 5/5 levels left

rFire    + + .     SeeInvis .     - Unarmed
rCold    + . .     Gourm    .   (no shield)
rNeg     . . .     Faith    .   v - +1 scale mail {rF+}
rPois    .         Spirit   +   t - +0 helmet (curse)
rElec    .         Reflect  .   p - scarf {rC+ rF+}
rCorr    +         Harm     .   (no gloves)
MR       .....                  (no boots)
Stlth    +.........             (no amulet)
HPRegen  0.50/turn              (no ring)
MPRegen  0.10/turn              s - ring of resist corrosion

@: no status effects
A: fangs 2, regeneration 1, magic shield, antimagic bite, no potion heal 3, rot
immunity
a: no special abilities


You were on level 3 of the Dungeon.
You were hungry.

You visited 1 branch of the dungeon, and saw 4 of its levels.

You collected 226 gold pieces.

Inventory:

Hand Weapons
 m - a +0 hunting sling
 y - a +3 short sword
Missiles
 i - 155 stones (quivered)
 C - 19 bolts
 D - 12 poisoned darts
Armour
 j - a +0 chain mail
 p - a scarf of resistance (worn)
 t - a cursed +0 helmet (worn)
 v - a +1 scale mail of fire resistance (worn)
 z - a +1 scale mail of fire resistance
Jewellery
 g - an uncursed ring of fire
 s - a ring of resist corrosion (right hand)
Wands
 u - a wand of polymorph (4)
Scrolls
 a - a scroll of remove curse {unknown}
 d - 2 scrolls of magic mapping {unknown}
 h - a scroll of blinking {unknown}
 k - 2 scrolls of fog {unknown}
 l - a scroll of fear {unknown}
 q - 3 scrolls of enchant weapon {unknown}
 x - a scroll of identify {unknown}
Potions
 e - a potion of curing {unknown}
 f - a potion of resistance {unknown}
 n - 2 potions of haste {unknown}
 o - 2 potions of degeneration {unknown}
 r - a potion of heal wounds {unknown}
 w - 2 potions of might {unknown}
 A - a potion of mutation {unknown}
 B - a potion of invisibility {unknown}
Comestibles
 b - 11 rations


   Skills:
 + Level 3.5 Fighting
 + Level 0.8 Armour
 + Level 2.7 Dodging
 - Level 2.4 Stealth
 * Level 6.1 Unarmed Combat


You had 5 spell levels left.
You didn't know any spells.
Your spell library was empty.

Dungeon Overview and Level Annotations

Branches:
Dungeon (4/15)
 Temple: D:4-7

Altars:
Zin

Annotations:
D:3 1 runed translucent door, Blork the orc, Crazy Yiuf


Innate Abilities, Weirdness & Mutations

You have extremely sharp teeth.
Your natural rate of healing is unusually fast.
When hurt, damage is shared between your health and your magic reserves.
Your bite disrupts and absorbs the magic of your enemies.
Potions cannot restore your health.
You are immune to rotting.


Message History

Level annotation: 1 runed translucent door, Crazy Yiuf
There is a stone staircase leading down here.
Blork closely misses you. Blork barely misses you.
Blork bites you but does no damage. Blork bites you.
* * * LOW HITPOINT WARNING * * *
Blork closely misses you.
You see here a cursed +0 club.
You are struck by Blork's spines.
* * * LOW HITPOINT WARNING * * *
You hit Blork.
Blork is almost dead.
Blork bites you.
* * * LOW HITPOINT WARNING * * *
Blork barely misses you.
You hit Blork but do no damage. Your bite misses Blork.
Blork is almost dead.
Blork bites you!
You die...

#.....######## #..)##)#..#'
####..### #...#..#..#. ........###
#...#..#..#. .######...#
##...####P.## ## ###.#
#...........) #.#####
#.#########.# #...).#### ##.# #.#
#####..r.###..### #.#
####@.......# ####.#
################........####รท....
....................[........##.#
###########.............#######.#
#####....####........# #.#
####.....#### #.#......# #.#
#....##### ####.#......# #.#
..#### #>...#......# ##.. ###
#.####......######..#


You could see Blork the porcupine.

Vanquished Creatures
  A wyvern skeleton (D:3)
  A crimson imp (D:3)
  Terence (D:3)
  3 gnolls (D:2)
  7 adders
  A worm (D:2)
  2 dart slugs
  5 leopard geckos
  6 orcs (D:3)
  2 ball pythons (D:1)
  5 giant cockroaches
  12 goblins
  10 hobgoblins
  7 jackals
  2 quokkas
  9 bats
  4 frilled lizards
  12 kobolds
  A leopard gecko skeleton (D:3)
  8 rats
99 creatures vanquished.

Notes
Turn   | Place    | Note
-------+----------+-------------------------------------------
     0 | D:1      | zhorgal the Vine Stalker Monk began the quest for the Orb.
     0 | D:1      | Reached XP level 1. HP: 11/11 MP: 2/2
   530 | D:1      | Reached XP level 2. HP: 16/16 MP: 3/3
   865 | D:1      | Reached skill level 4 in Unarmed Combat
   923 | D:1      | Reached XP level 3. HP: 19/19 MP: 4/4
  1451 | D:2      | Gained mutation: Your natural rate of healing is unusually
                  | fast. [Vine Stalker growth]
  1451 | D:2      | Reached XP level 4. HP: 22/23 MP: 5/5
  1583 | D:2      | Reached skill level 5 in Unarmed Combat
  1830 | D:2      | Found a faded altar of an unknown god.
  2054 | D:2      | Reached XP level 5. HP: 8/28 MP: 1/6
  2412 | D:3      | Found a runed translucent door.
  2413 | D:3      | Noticed Crazy Yiuf
  2435 | D:3      | Noticed Terence
  2443 | D:3      | Killed Terence
  2831 | D:3      | Reached skill level 6 in Unarmed Combat
  2831 | D:3      | Reached XP level 6. HP: 32/32 MP: 7/7
  3035 | D:3      | Found a glowing silver altar of Zin.
  3184 | D:4      | Noticed Blork the orc
  3185 | D:4      | Noticed Blork
  3185 | D:4      | Blork the orc changed into Blork the porcupine
  3219 | D:3      | Slain by Blork the porcupine

Levels and vault maps discovered:
D:1:      giann_wishing_wells, layout_basic
D:2:      layout_basic, chequers_ecumenical_altar_island, first_ration
D:3:      corexii_shack_village, layout_rooms, zin_statuary,
          grunt_ministairs_14, uniq_crazy_yiuf_cottage, uniq_terence
D:4:      layout_rooms, okawaru_metal_pillars_1_2, uniq_eustachio, uniq_sigmund,
          uniq_blork_the_orc

Skill      XL: |  1  2  3  4  5 |
---------------+----------------+-----
Unarmed Combat | 4 5 6 |  6.1
Fighting       | 3 |  3.5
Armour         | |  0.8
Dodging        | |  2.7
Stealth        | |  2.4

Action                   |  1- 3 |  4- 6 || total
-------------------------+-------+-------++-------
Melee: Unarmed           |   108 |   229 ||   337
       Bite              |    18 |    57 ||    75
       Punch             |     2 |     5 ||     7
Evoke: Wand              |       |     1 ||     1
 Stab: Sleeping          |     2 |       ||     2
  Eat: Chunk             |     2 |     5 ||     7
Armor: Chain mail        |    77 |   109 ||   186
       Scale mail        |       |    18 ||    18
Dodge: Dodged            |    41 |    96 ||   137
